 Dungeon Crawl Stone Soup version 0.28-a0-1382-g92835e5c71 (webtiles) character file.

Game seed: 11242516270952466679

44 gruber the Skirmisher (level 3, 27/29 HPs)
             Began as a Djinni Hedge Wizard on Jan 2, 2022.
             Quit the game on level 2 of the Dungeon.
             The game lasted 00:01:40 (2302 turns).

gruber the Skirmisher (Djinni Hedge Wizard)         Turns: 2302, Time: 00:01:40

Health: 27/29      AC:  3    Str:  9    XL:     3   Next: 87%
Gold:   38         EV: 12    Int: 17    God:
                   SH:  0    Dex: 12

rFire   + + .      SeeInvis .   f - +0 short sword
rCold   x . .      Faith    .   (no shield)
rNeg    . . .      Spirit   .   b - +0 robe
rPois   ∞          Reflect  .   c - +0 hat
rElec   .          Harm     .   l - +0 cloak
rCorr   .          Rampage  .   (no gloves)
Will    .....                   (boots unavailable)
Stlth   ++........              (no amulet)
HPRegen 0.09/turn               (no ring)
MPRegen 0.00/turn               (no ring)

@: flying
A: sickness immunity, fire resistance 2, cold vulnerability 1, float, innate
caster, hp casting, extra vitality 1
a: no special abilities


You were on level 2 of the Dungeon.
You visited 1 branch of the dungeon, and saw 2 of its levels.

You collected 38 gold pieces.

Inventory:

Hand Weapons
 f - a +0 short sword (weapon)
Missiles
 h - 19 poisoned darts
Armour
 b - a +0 robe (worn)
 c - a +0 hat (worn)
 l - a +0 cloak (worn)
Jewellery
 g - an amulet of reflection
Scrolls
 a - a scroll of identify {unknown}
 e - a scroll of fog {unknown}
 j - a scroll of enchant armour {unknown}
 k - a scroll of enchant weapon {unknown}
 m - a scroll of noise {unknown}
Potions
 d - a potion of curing {unknown}
 i - a potion of mutation {unknown}


   Skills:
 * Level 2.5 Fighting
 + Level 0.1 Long Blades
 + Level 0.2(0.3) Polearms
 + Level 0.1(0.3) Staves
 + Level 0.5 Bows
 - Level 2.1 Dodging
 - Level 1.5 Stealth
 - Level 2.4 Spellcasting
 + Level 0.2 Evocations


You couldn't memorise any spells.
You knew the following spells:

 Your Spells              Type           Power      Damage    Failure   Level
a - Magic Dart            Conj           40%        1d5       7%          1
b - Blink                 Tloc           20%        N/A       11%         2
c - Call Imp              Summ           10%        N/A       11%         2
d - Slow                  Hex            40%        N/A       7%          1
e - Conjure Flame         Conj/Fire      10%        6-21      21%         3
f - Mephitic Cloud        Conj/Pois/Air  10%        N/A       21%         3
g - Beastly Appendage     Tmut           20%        N/A       7%          1
Your spell library was empty.

Dungeon Overview and Level Annotations

Branches:
Dungeon (2/15)

Altars:


Innate Abilities, Weirdness & Mutations

You are immune to sickness and miasma.
You are immune to poison.
Your flesh is very heat resistant. (rF++)
You are vulnerable to cold. (rC-)
You float through the air rather than walking.
You learn spells naturally, not from books.
Your magical power is your life essence.
You have superior vitality. (+4 MHP)


Message History

Where to? (Enter - D:1 @ (x,y), ? - help)
There is an open door here.
You reach down and open the door.
There is an open door here.
There is a stone staircase leading down here.
You fly downwards.
Found a scroll labelled MAFFECY IFFA.
Found an escape hatch in the floor.
There is a stone staircase leading up here.
m - a scroll labelled MAFFECY IFFA A bat comes into view.
A bat is nearby!
The magic dart hits the bat.
The bat is moderately wounded.
The magic dart hits the bat.
You kill the bat!
You can't see any susceptible monsters within range! (Use Z to cast anyway.)
You can't see any susceptible monsters within range! (Use Z to cast anyway.) HP restored.
A frilled lizard comes into view.
A frilled lizard is nearby!
A frilled lizard is nearby!
The magic dart hits the frilled lizard.
You kill the frilled lizard!
You can't see any susceptible monsters within range! (Use Z to cast anyway.)
You can't see any susceptible monsters within range! (Use Z to cast anyway.)
You can't see any susceptible monsters within range! (Use Z to cast anyway.)
Found a stone staircase leading up.
You now have 38 gold pieces (gained 11).
A bat comes into view.
A bat is nearby!
A bat is nearby!
The magic dart hits the bat.
The bat is severely wounded.
The bat hits you but does no damage.
The magic dart hits the bat.
You kill the bat!
You can't see any susceptible monsters within range! (Use Z to cast anyway.)
You can't see any susceptible monsters within range! (Use Z to cast anyway.) Unknown command.
Are you sure you want to abandon this character and quit the game? (Confirm with "yes".)

....................
##.#......#.#..#.....
#.##.....#.........#
#. #.....#........##
#. ####..#....#####..
##............#
##.....#####.
##....## ##..@.#
#..........
..<..........
...##..#####.## ..
.... .. . #... # ....
.....


There were no monsters in sight!

Vanquished Creatures
  A gnoll (D:1)
  A dart slug (D:1)
  2 endoplasms (D:1)
  7 goblins (D:1)
  A hobgoblin (D:1)
  A jackal (D:1)
  4 quokkas (D:1)
  A ball python (D:1)
  3 bats
  3 frilled lizards
  4 kobolds (D:1)
  3 rats (D:1)
31 creatures vanquished.

Notes
Turn   | Place    | Note
-------+----------+-------------------------------------------
     0 | D:1      | gruber the Djinni Hedge Wizard began the quest for the Orb.
     0 | D:1      | Reached XP level 1. HP: 15/15 MP: 0/0
   227 | D:1      | Reached skill level 1 in Fighting
   293 | D:1      | Found a faded altar of an unknown god.
   340 | D:1      | Reached XP level 2. HP: 6/22 MP: 0/0
  1239 | D:1      | Reached XP level 3. HP: 25/28 MP: 0/0
  1239 | D:1      | Learned a level 1 spell: Beastly Appendage
  2302 | D:2      | Quit the game

Illustrated notes

Levels and vault maps discovered:
D:1:      giann_forest_graveyard, layout_loops_corners,
          shapermc_ecumenical_altar_rom_forum, minmay_pentomino_q4
D:2:      minmay_general_purpose_star, layout_rooms

Skill      XL: |  1  2  3 |
---------------+----------+-----
Fighting       | 1 2 |  2.5
Long Blades    | |  0.1
Polearms       | |  0.2
Staves         | |  0.1
Bows           | |  0.5
Dodging        | |  2.1
Stealth        | |  1.5
Spellcasting   | |  2.4
Evocations     | |  0.2

Action                   || total
-------------------------++-------
 Cast: Magic Dart        ||    77
       Mephitic Cloud    ||     1
Armor: Robe              ||     1
Dodge: Dodged            ||    10

Table legend: (Time is in decaauts)
 A = Elapsed time spent in this place.
 B = Non-inter-level travel time spent in this place.
 C = Inter-level travel time spent in this place.
 D = Time resting spent in this place.
 E = Time spent auto-exploring this place.
 F = Levels seen in this place.
 G = Mean time per level.
                   A        B        C        D        E       F      G
               +--------+--------+--------+--------+--------+-----+--------+
         Total |   2301 |   2181 |    120 |      0 |   1995 |   2 | 1150.5 |
       Dungeon |   2301 |   2181 |    120 |      0 |   1995 |   2 | 1150.5 |
               +--------+--------+--------+--------+--------+-----+--------+

Top non-repeatable levels by time:
     D:1: 2237 daAuts
     D:2: 63 daAuts
